 Dungeon Crawl Stone Soup version 0.30-a0-859-gf88a04b62d (webtiles) character file.

Game seed: 3137740995852284797

79 Rocko1345 the Martial Artist (level 4, 0/32 HPs)
             Began as a Gnoll Wanderer on Mar 6, 2023.
             Succumbed to an orc's poison
             ... on level 3 of the Dungeon.
             The game lasted 00:07:00 (1754 turns).

Rocko1345 the Martial Artist (Gnoll Wanderer)       Turns: 1754, Time: 00:07:01

Health: 0/32       AC:  5    Str:  9    XL:     4   Next: 37%
Magic:  5/8        EV: 11    Int: 10    God:
Gold:   123        SH:  5    Dex: 17    Spells: 8/9 levels left

rFire   + . .      SeeInvis .    n - +2 war axe (elec)
rCold   x . .      Faith    .    c - +0 buckler
rNeg    . . .      Spirit   .    e - +0 robe
rPois   .          Reflect  .    (no helmet)
rElec   .          Rampage  .    (no cloak)
rCorr   .                        (no gloves)
Will    .....                    h - +2 pair of boots
Stlth   +                        (no amulet)
HPRegen 0.25/turn                l - ring of fire
MPRegen 0.11/turn                (no ring)

@: mighty, lethally poisoned (0 -> -3), silenced, invisible
A: fangs 1, strong nose, distributed training
a: no special abilities


You were on level 3 of the Dungeon.
You visited 1 branch of the dungeon, and saw 3 of its levels.

You collected 123 gold pieces.

Inventory:

Hand Weapons
 a - a +0 dagger
 n - a +2 war axe of electrocution (weapon)
 p - a +4 vampiric whip
Armour
 c - a +0 buckler (worn)
 e - a +0 robe (worn)
 h - a +2 pair of boots (worn)
Magical Staves
 o - a staff of earth
Jewellery
 l - a ring of fire (left hand)
Scrolls
 b - a scroll of blinking
 j - 2 scrolls of vulnerability
 k - a scroll of brand weapon
 m - a scroll of poison {unknown}
 q - a scroll of butterflies {unknown}


   Skills:
 + Level 1.2 Fighting
 + Level 1.2 Short Blades
 + Level 1.2 Long Blades
 + Level 1.2 Axes
 + Level 1.2 Maces & Flails
 + Level 1.2 Polearms
 + Level 1.2 Staves
 + Level 1.2 Ranged Weapons
 + Level 1.2 Throwing
 + Level 2.8 Armour
 + Level 1.2 Dodging
 + Level 1.2 Stealth
 + Level 2.8 Shields
 + Level 10.5 Unarmed Combat
 + Level 3.0 Spellcasting
 + Level 3.8 Conjurations
 + Level 1.0 Hexes
 + Level 1.0 Summonings
 + Level 1.0 Necromancy
 + Level 1.0 Translocations
 + Level 1.0 Transmutations
 + Level 1.0 Fire Magic
 + Level 1.0 Ice Magic
 + Level 1.0 Air Magic
 + Level 1.0 Earth Magic
 + Level 1.0 Poison Magic
 + Level 1.3 Invocations
 + Level 1.2 Evocations


You had 8 spell levels left.
You knew the following spells:

 Your Spells              Type           Power      Damage    Failure   Level
a - Shock                 Conj/Air       24%        1d4       14%         1

Your spell library contained the following spells:

 Spells                   Type           Power      Damage    Failure   Level
 Sandblast                Erth           6%         2d5       24%         1
 Passwall                 Tmut/Erth      2%         N/A       36%         2
 Dazzling Flash           Conj/Hex       12%        N/A       38%         3
 Stone Arrow              Conj/Erth      12%        3d7       38%         3
 Passage of Golubria      Tloc           3%         N/A       94%         4
 Silence                  Hex/Air        1%         N/A       100%        5
 Lehudib's Crystal Spear  Conj/Erth      3%         10d2      100%        8


Dungeon Overview and Level Annotations

Branches:
Dungeon (3/15)

Altars:


Innate Abilities, Weirdness & Mutations

You have very sharp teeth.
Your uncanny sense of smell can sniff out nearby items.
Your experience applies equally to all skills.


Message History

You kill the orc!
You feel very sick.
An orc priest comes into view. It is wielding a +0 short sword.
Your Hexes skill increases to level 1!
Your Summonings skill increases to level 1!
Your Necromancy skill increases to level 1!
Your Translocations skill increases to level 1!
Your Transmutations skill increases to level 1!
Your Fire Magic skill increases to level 1!
Your Ice Magic skill increases to level 1!
Your Air Magic skill increases to level 1!
Your Earth Magic skill increases to level 1!
Your Poison Magic skill increases to level 1!
It was a potion of cancellation.
You feel magically purged.
Your magical contamination has completely faded away.
You feel very sick. The orc hits you with a +0 club.
* * * LOW HITPOINT WARNING * * *
You feel very mighty all of a sudden.
* * * LOW HITPOINT WARNING * * *
You feel very sick. The orc hits you with a +0 club.
* * * LOW HITPOINT WARNING * * *
The kobold throws a stone.
The stone barely misses you.
You fade into invisibility!
* * * LOW HITPOINT WARNING * * *
You feel sick. The orc closely misses you.
The kobold throws a stone.
The stone closely misses you.
As you read the scroll of teleportation, it crumbles to dust.
You feel strangely unstable.
* * * LOW HITPOINT WARNING * * *
You feel sick.
* * * LOW HITPOINT WARNING * * *
You feel sick.
* * * LOW HITPOINT WARNING * * *
You feel sick.
As you read the scroll labelled ILOGHEOFUIBA, it crumbles to dust.
A profound silence engulfs you.
It was a scroll of silence.
Your surroundings suddenly seem different.
You die...

#######.#
#..@....#
#.###...#
# ..8#
.## # .#
..##.


There were no monsters in sight!

Vanquished Creatures
  Jessica (D:3)
  A worm (D:2)
  A dart slug (D:2)
  An orc (D:3)
  6 endoplasms
  2 giant cockroaches (D:2)
  6 hobgoblins
  2 quokkas
  6 ball pythons
  6 bats
  A frilled lizard (D:2)
  4 goblins (D:1)
  4 kobolds
  3 rats
44 creatures vanquished.

Notes
Turn   | Place    | Note
-------+----------+-------------------------------------------
     0 | D:1      | Reached skill level 10 in Unarmed Combat
     0 | D:1      | Rocko1345 the Gnoll Wanderer began the quest for the Orb.
     0 | D:1      | Rocko1345 set off with the following items: a +0 dagger, a
                  | scroll of blinking, a +0 buckler, a potion of might, a +0
                  | robe, a potion of invisibility; and the following spell
                  | memorised: Shock; and the following spells available to
                  | memorise: Dazzling Flash.
     0 | D:1      | Reached XP level 1. HP: 13/13 MP: 4/4
    33 | D:1      | Found a faded altar of an unknown god.
   172 | D:1      | Reached XP level 2. HP: 19/19 MP: 0/5
   907 | D:2      | Reached XP level 3. HP: 25/25 MP: 7/7
  1196 | D:2      | Reached skill level 1 in Invocations
  1384 | D:2      | Reached skill level 1 in Fighting
  1384 | D:2      | Reached skill level 1 in Short Blades
  1384 | D:2      | Reached skill level 1 in Long Blades
  1384 | D:2      | Reached skill level 1 in Axes
  1384 | D:2      | Reached skill level 1 in Maces & Flails
  1384 | D:2      | Reached skill level 1 in Polearms
  1384 | D:2      | Reached skill level 1 in Staves
  1384 | D:2      | Reached skill level 1 in Ranged Weapons
  1384 | D:2      | Reached skill level 1 in Throwing
  1384 | D:2      | Reached skill level 1 in Dodging
  1384 | D:2      | Reached skill level 1 in Stealth
  1384 | D:2      | Reached skill level 1 in Evocations
  1675 | D:3      | Noticed Jessica
  1691 | D:3      | Killed Jessica
  1692 | D:3      | Reached XP level 4. HP: 24/32 MP: 8/8
  1748 | D:3      | Reached skill level 1 in Hexes
  1748 | D:3      | Reached skill level 1 in Summonings
  1748 | D:3      | Reached skill level 1 in Necromancy
  1748 | D:3      | Reached skill level 1 in Translocations
  1748 | D:3      | Reached skill level 1 in Transmutations
  1748 | D:3      | Reached skill level 1 in Fire Magic
  1748 | D:3      | Reached skill level 1 in Ice Magic
  1748 | D:3      | Reached skill level 1 in Air Magic
  1748 | D:3      | Reached skill level 1 in Earth Magic
  1748 | D:3      | Reached skill level 1 in Poison Magic
  1752 | D:3      | HP: 1/32 [poisoned by an orc]
  1754 | D:3      | Succumbed to an orc's poison

Illustrated notes

Levels and vault maps discovered:
D:1:      dpeg_arrival_simpleton_a, layout_loops_ring, basic_ecumenical_altar,
          grunt_decor_mini_mirrors
D:2:      layout_loops_ring, minmay_liquid_box
D:3:      layout_rooms, serial_corexii_hall, corexii_hall_statues_i,
          corexii_hall_statues_i, chequers_hall_statues_wall_a,
          chequers_hall_statues_wall_a, uniq_jessica

Skill      XL: |  1  2  3  4 |
---------------+-------------+-----
Unarmed Combat | | 10.5
Invocations    | 1 |  1.3
Fighting       | 1 |  1.2
Short Blades   | 1 |  1.2
Long Blades    | 1 |  1.2
Axes           | 1 |  1.2
Maces & Flails | 1 |  1.2
Polearms       | 1 |  1.2
Staves         | 1 |  1.2
Ranged Weapons | 1 |  1.2
Throwing       | 1 |  1.2
Dodging        | 1 |  1.2
Stealth        | 1 |  1.2
Evocations     | 1 |  1.2
Spellcasting   | 3 |  3.0
Hexes          | 1 |  1.0
Summonings     | 1 |  1.0
Necromancy     | 1 |  1.0
Translocations | 1 |  1.0
Transmutations | 1 |  1.0
Fire Magic     | 1 |  1.0
Ice Magic      | 1 |  1.0
Air Magic      | 1 |  1.0
Earth Magic    | 1 |  1.0
Poison Magic   | 1 |  1.0
Armour         | |  2.8
Shields        | |  2.8
Conjurations   | |  3.8

Action                     |  1- 3 |  4- 6 || total
---------------------------+-------+-------++-------
  Melee: Unarmed           |    49 |       ||    49
         Dagger            |     3 |       ||     3
         War axe           |    36 |     3 ||    39
         Bite              |     2 |       ||     2
   Cast: Shock             |     9 |     3 ||    12
    Use: Scroll            |     3 |     2 ||     5
         Potion            |       |     3 ||     3
   Stab: Sleeping          |     2 |       ||     2
 Armour: Robe              |    27 |     2 ||    29
  Dodge: Dodged            |    53 |     6 ||    59
  Block: Buckler           |    24 |       ||    24

Table legend: (Time is in decaauts)
 A = Elapsed time spent in this place.
 B = Non-inter-level travel time spent in this place.
 C = Inter-level travel time spent in this place.
 D = Time resting spent in this place.
 E = Time spent auto-exploring this place.
 F = Levels seen in this place.
 G = Mean time per level.
                   A        B        C        D        E       F      G
               +--------+--------+--------+--------+--------+-----+--------+
         Total |   1763 |   1754 |      9 |    124 |   1132 |   3 |  587.7 |
       Dungeon |   1763 |   1754 |      9 |    124 |   1132 |   3 |  587.7 |
               +--------+--------+--------+--------+--------+-----+--------+

Top non-repeatable levels by time:
     D:1: 874 daAuts
     D:2: 707 daAuts
     D:3: 181 daAuts
